AoeStats
← JRazzz

African Clearing

506140024Analyzed
4v4 RM · 20d ago on Sep 12, 2026· 54m 51s· 8 players
Game mode
Random Map
Map size
Large (8 player)
Population
200
Speed
Normal
Resources
Standard
Victory
Conquest
Starting age
Dark Age
Ending age
Imperial Age
RankedLock teamsTeams togetherTeam positionsShared explorationLock speedFull tech treeHidden civsTurbo modeCheats
Victory
Defeat
🇺🇸 Lithuanians · United States
1305
+15
🇹🇷 Mapuche · Türkiye
1302
+15
🇬🇧 Huns · United Kingdom
1281
+16
🇬🇧 Mongols · United Kingdom
1270
+16
🇯🇵 Chinese · Japan
1337
-18
🇵🇪 Magyars · Peru
1276
-15
🇭🇰 Wu · Hong Kong SAR China
1259
-15
🇻🇳 Saracens · Vietnam
1250
-14
CHOSEN
12:41 Feudal Age
18:06 Loom
21:57 Castle Age
49:51 Forging
49:38 Horse Collar
49:57 Double-Bit Axe
51:20 Iron Casting
byersg4
7:19 Loom
13:37 Feudal Age
15:17 Double-Bit Axe
15:16 Horse Collar
18:14 Castle Age
18:29 Town Watch
19:19 Wheelbarrow
19:25 Bow Saw
19:39 Heavy Plow
24:56 Husbandry
26:03 Town Patrol
26:19 Hand Cart
26:55 Bloodlines
26:55 Scale Barding Armor
27:16 Gold Mining
29:06 Fervor
35:33 Imperial Age
36:38 Cavalier
37:47 Chain Barding Armor
37:38 Forging
39:08 Plate Barding Armor
38:47 Paladin
40:07 Iron Casting
41:14 Stone Mining
41:03 Light Cavalry
50:45 Conscription
50:49 Ballistics
50:23 Fletching
51:34 Chemistry
JRazzz
3:22 Loom
12:36 Feudal Age
17:12 Castle Age
15:25 Double-Bit Axe
17:35 Fletching
18:25 Bodkin Arrow
18:43 Bow Saw
23:12 Horse Collar
25:15 Ballistics
26:15 Padded Archer Armor
27:58 Leather Archer Armor
28:08 Husbandry
28:34 Bloodlines
32:18 Town Watch
37:09 Imperial Age
38:03 Wheelbarrow
37:54 Bracer
39:35 Chemistry
49:20 Elite Mangudai
Ash
11:31 Loom
14:46 Feudal Age
19:01 Castle Age
17:16 Forging
18:44 Double-Bit Axe
19:43 Horse Collar
20:32 Bow Saw
22:02 Scale Barding Armor
27:35 Wheelbarrow
27:31 Chain Barding Armor
29:39 Husbandry
30:18 Bloodlines
31:08 Iron Casting
30:42 Town Watch
31:58 Hand Cart
32:31 Fletching
41:18 Imperial Age
42:16 Elite Tarkan
43:23 Conscription
44:01 Plate Barding Armor
45:13 Blast Furnace
45:28 Light Cavalry
46:17 Hussar
51:09 Cavalier
52:04 Paladin
Carlongas
3:59 Loom
14:20 Feudal Age
18:28 Castle Age
17:01 Double-Bit Axe
17:29 Fletching
17:23 Horse Collar
19:37 Bow Saw
20:01 Heavy Plow
20:30 Bodkin Arrow
22:34 Padded Archer Armor
23:46 Leather Archer Armor
26:39 Ballistics
27:44 Husbandry
30:03 Wheelbarrow
29:15 Town Watch
30:56 Stone Mining
30:58 Gold Mining
37:24 Imperial Age
35:10 Hand Cart
35:33 Scale Barding Armor
35:41 Bloodlines
37:02 Chain Barding Armor
38:04 Corvinian Army
38:09 Bracer
39:11 Chemistry
39:14 Two-Man Saw
38:54 Parthian Tactics
39:35 Conscription
39:01 Elite Magyar Huszar
41:39 Ring Archer Armor
41:46 Plate Barding Armor
41:06 Heavy Cavalry Archer
49:42 Recurve Bow
τττß讠τㄷん
3:33 Loom
14:42 Feudal Age
18:36 Castle Age
17:03 Double-Bit Axe
20:08 Bow Saw
20:08 Fishing Lines
20:31 Horse Collar
27:38 Heavy Plow
27:48 Gillnets
29:00 Stone Mining
29:30 Gold Mining
30:27 Wheelbarrow
30:41 Stone Shaft Mining
32:11 Gold Shaft Mining
32:05 Hand Cart
32:11 Fletching
36:32 Imperial Age
34:24 Bodkin Arrow
34:29 Padded Archer Armor
34:58 Thumb Ring
35:16 Ballistics
35:32 Murder Holes
38:33 Chemistry
37:35 Bracer
37:50 Leather Archer Armor
40:28 Elite Chu Ko Nu
53:01 Ring Archer Armor
Joe523c
4:11 Loom
12:48 Feudal Age
14:56 Scale Barding Armor
22:38 Castle Age
22:07 Double-Bit Axe
22:20 Gold Mining
25:43 Scale Mail Armor
26:57 Horse Collar
28:11 Fletching
30:15 Wheelbarrow
30:12 Bodkin Arrow
30:17 Padded Archer Armor
33:13 Bow Saw
34:24 Murder Holes
34:00 Pikeman
35:43 Forging
38:09 Ballistics
40:43 Chain Mail Armor
42:33 Iron Casting
47:17 Heavy Plow
48:18 Stone Mining
51:46 Masonry
Baku1612
11:11 Loom
13:38 Feudal Age
14:23 Double-Bit Axe
17:31 Fletching
19:51 Padded Archer Armor
24:34 Castle Age
24:13 Gold Mining
24:40 Crossbowman
25:15 Bodkin Arrow
25:57 Leather Archer Armor
37:57 Wheelbarrow
38:28 Horse Collar
41:37 Town Watch
42:23 Forging
43:25 Bloodlines
43:26 Husbandry
44:59 Iron Casting
44:45 Scale Barding Armor
50:49 Imperial Age
53:17 Blast Furnace
51:45 Elite Mameluke
Connection lost

Rejoining the realm…

Still unreachable

The connection could not be restored.

Session expired

The server has moved on; the page needs a fresh start.